Map: Dusk Towers

Players

Dropbear

  • Race: Terran Terran
  • League: Grandmaster

Diord - Winner!

  • Race: Terran Terran
  • League: Grandmaster

VOD

Have the link to the VOD?

Description

Time

  • Played on: April 8, 2016, 5:15 p.m.
  • Length: 12:36
Show
View Real Time Build Order
Export as new Build Order

Dropbear Terran 

Build Orders: Reaper Expand, MMM Bio 

Get SALT Encoding   

  12  0:00  SCV  
  13  0:13  SCV  
  14  0:17  Supply Depot  
  14  0:25  SCV  
  15  0:38  SCV  
  15  0:40  Barracks  
  16  0:46  Refinery  
  16  0:51  SCV  
  17  1:03  SCV  
  18  1:15  SCV  
  19  1:27  Orbital Command  
  19  1:30  Reaper  
  20  1:43  Command Center  
  20  1:53  SCV  
  21  1:54  Supply Depot  
  21  2:07  SCV  
  21  2:08  Marine  
  23  2:14  Factory  
  23  2:19  SCV  
  24  2:22  Refinery  
  24  2:27  Barracks Reactor  
  24  2:31  SCV  
  25  2:43  SCV  
  26  2:55  SCV  
  27  2:59  Starport  
  27  3:02  Widow Mine  
  27  3:04  Orbital Command  
  29  3:08  Marine x2  
  29  3:09  SCV  
  32  3:21  SCV  
  32  3:26  Marine x2  
  35  3:30  SCV  
  35  3:31  Factory Tech Lab  
  36  3:34  SCV  
  36  3:37  Medivac  
  36  3:41  Supply Depot  
  39  3:42  SCV  
  39  3:43  Marine  
  39  3:44  Supply Depot, Marine  
  42  3:51  Siege Tank  
  45  3:57  SCV  
  45  4:02  SCV  
  47  4:09  Viking  
  48  4:14  SCV x2  
  48  4:15  Engineering Bay  
  50  4:17  Command Center  
  50  4:19  Marine x2  
  52  4:26  SCV x2  
  54  4:33  Supply Depot  
  54  4:35  Widow Mine  
  56  4:38  SCV  
  56  4:39  SCV, Viking  
  56  4:42  Marine x2  
  62  4:47  Missile Turret  
  62  4:48  Missile Turret  
  62  4:55  SCV x2  
  62  5:07  Barracks, SCV  
  62  5:08  Barracks  
  62  5:10  SCV  
  64  5:20  Factory Tech Lab  
  64  5:22  SCV x2  
  64  5:23  Terran Infantry Weapons Level 1  
  64  5:26  Barracks  
  64  5:30  Orbital Command  
  64  5:34  Marauder, Barracks, Stimpack, SCV  
  67  5:43  Refinery x2  
  67  5:47  Engineering Bay  
  67  5:50  Medivac x2  
  67  5:53  Orbital Command, Factory Reactor  
  67  5:55  SCV x2  
  73  6:02  Marauder  
  73  6:03  Barracks Tech Lab  
  75  6:07  Supply Depot, SCV x2  
  75  6:08  Supply Depot  
  77  6:16  Barracks Reactor  
  77  6:19  SCV x2  
  77  6:20  SCV  
  80  6:26  Marauder x2  
  80  6:27  Refinery, Barracks Tech Lab  
  80  6:31  Marauder, SCV  
  80  6:32  SCV  
  88  6:33  SCV  
  88  6:37  Terran Infantry Armor Level 1  
  89  6:40  Supply Depot  
  89  6:41  Supply Depot  
  89  6:42  Refinery  
  89  6:43  SCV  
  89  6:44  SCV  
  91  6:47  Marauder  
  91  6:49  Armory  
  91  6:50  SCV  
  94  6:56  Marauder x2, Marine x2  
  94  6:57  SCV  
  101  7:02  Marine, SCV x2  
  101  7:04  Supply Depot  
  101  7:05  Supply Depot  
  101  7:07  Supply Depot  
  101  7:08  Supply Depot  
  101  7:09  Marauder  
  101  7:10  Medivac x2  
  101  7:15  SCV  
  106  7:16  Combat Shields  
  106  7:18  Concussive Shells  
  104  7:22  Marine  
  104  7:23  Marine x2  
  104  7:24  Marauder, SCV  
  104  7:25  SCV  
  104  7:27  SCV  
  106  7:39  Marauder, Marine  
  106  7:41  Marauder, Marine  
  106  7:42  SCV x3  
  107  7:54  Medivac x2, SCV  
  107  7:57  SCV x2  
  112  8:06  SCV  
  112  8:11  Marauder x2, Marine x2  
  119  8:13  SCV x2  
  119  8:16  Terran Infantry Weapons Level 2  
  119  8:18  Supply Depot  
  121  8:21  Marauder, Marine x2  
  125  8:29  Command Center  
  125  8:33  Medivac x2  
  129  8:37  Terran Infantry Armor Level 2  
  129  8:41  Supply Depot, SCV x3  
  134  8:48  Marauder, Marine  
  134  8:51  Command Center  
  134  8:52  Marauder  
  137  8:57  Marine  
  137  8:58  Marauder  
  129  9:03  Marine x2  
  129  9:06  Marine  
  129  9:10  Marauder  
  129  9:13  Medivac x2  
  127  9:19  Marine  
  127  9:20  Marauder  
  109  9:29  Liberator x2  
  103  9:32  Barracks  
  103  9:33  Marauder x2, Barracks, Marine x2  
  103  9:34  Barracks  
  103  9:36  Starport  
  103  9:37  Terran Ship Weapons Level 1  
  109  9:44  Marauder  
  111  9:52  Marine x4  
  119  9:55  Marauder  
  123  10:05  Marauder  
  125  10:14  Orbital Command  
  125  10:16  SCV x2  
  125  10:19  Marine x2  
  125  10:20  Marauder x2  
  130  10:22  Liberator x2  
  130  10:25  Marine x2  
  130  10:26  Barracks Tech Lab  
  130  10:27  Marauder, Barracks Tech Lab  
  116  10:41  Marauder  
  114  10:45  Marine x2  
  114  10:52  Marauder x3  
  114  10:54  Barracks Tech Lab  
  114  10:57  Planetary Fortress  
  120  11:00  Missile Turret  
  120  11:04  Marauder, Marine x2  
  120  11:05  Liberator x2  
  120  11:06  Marine x2  
  120  11:07  Starport Reactor  
  120  11:11  SCV x4  
  130  11:23  Marine x2, SCV  
  130  11:24  Marauder  
  115  11:34  Marauder, Marine x2  
  115  11:38  Marauder x2, Marine x2  
  106  11:41  Marine x2, SCV  
  106  11:45  Marauder  
  104  11:52  Marine x2  
  94  11:55  Marine  
  94  11:56  Marauder x2  
  94  11:59  Marine x3  
  94  12:00  Marauder  
  98  12:02  SCV  
  98  12:06  Marine  
  101  12:09  Marine  
  101  12:10  Marine  
  101  12:14  Marauder  
  104  12:17  Marine x2  
Show
View Real Time Build Order
Export as new Build Order

Diord Terran - Winner!

Build Orders: Reaper Expand, Mech 

Get SALT Encoding   

  12  0:01  SCV  
  13  0:13  SCV  
  14  0:18  Supply Depot  
  14  0:26  SCV  
  15  0:39  SCV  
  16  0:42  Barracks  
  16  0:46  Refinery  
  16  0:51  SCV  
  17  1:03  SCV  
  18  1:16  SCV  
  19  1:29  Orbital Command  
  19  1:30  Reaper  
  20  1:43  Command Center  
  20  1:56  SCV  
  21  2:04  Supply Depot  
  21  2:05  Marine  
  21  2:08  SCV  
  21  2:12  Factory  
  22  2:21  SCV  
  23  2:25  Barracks Reactor  
  23  2:33  SCV  
  24  2:45  Command Center  
  24  2:47  SCV  
  25  2:56  Orbital Command  
  25  2:59  SCV  
  25  3:05  Starport  
  26  3:12  Hellion  
  28  3:15  Hellion  
  30  3:20  Barracks Tech Lab  
  30  3:22  SCV  
  30  3:24  SCV  
  32  3:30  Refinery  
  32  3:35  Hellion  
  32  3:37  Hellion  
  32  3:39  SCV  
  32  3:40  SCV  
  38  3:51  SCV  
  38  3:54  Viking  
  41  3:56  Orbital Command  
  41  3:58  Hellion  
  41  4:02  Hellion  
  45  4:07  SCV  
  45  4:08  SCV  
  47  4:14  Supply Depot  
  47  4:18  Refinery  
  47  4:19  Refinery, SCV  
  47  4:21  SCV  
  47  4:24  Hellion  
  51  4:26  SCV  
  51  4:27  Hellion  
  54  4:31  Raven  
  54  4:35  SCV  
  58  4:38  SCV  
  58  4:39  SCV  
  58  4:42  Barracks Reactor  
  58  4:45  Hellion  
  61  4:47  SCV  
  61  4:50  SCV  
  61  4:52  Supply Depot  
  62  5:08  Hellion x2, SCV  
  62  5:11  SCV  
  68  5:16  Supply Depot  
  68  5:17  Factory  
  68  5:18  Factory  
  68  5:29  SCV  
  68  5:32  SCV x2, Armory  
  68  5:35  Supply Depot  
  71  5:36  Supply Depot  
  71  5:41  Medivac x2, Orbital Command  
  77  5:42  Hellion  
  77  5:44  Hellion  
  77  5:45  SCV  
  77  5:47  SCV  
  81  5:55  Supply Depot  
  81  5:58  SCV  
  81  5:59  SCV  
  83  6:04  Factory Tech Lab  
  83  6:06  Hellion x2  
  83  6:07  SCV  
  83  6:10  SCV  
  89  6:12  Infernal Pre-Igniter  
  89  6:13  Engineering Bay  
  89  6:14  Hellion  
  89  6:15  SCV  
  92  6:19  Supply Depot  
  92  6:23  Terran Vehicle Weapons Level 1, Supply Depot  
  92  6:26  Viking  
  92  6:29  SCV x2  
  92  6:31  SCV  
  97  6:33  Viking  
  99  6:43  Siege Tank x2, Hellion  
  99  6:44  Hellion  
  99  6:46  SCV  
  111  6:49  SCV  
  111  6:50  SCV  
  111  6:52  Supply Depot  
  112  6:58  SCV  
  112  7:05  Hellion, Viking  
  114  7:11  Hellion  
  114  7:14  SCV  
  114  7:15  Siege Tank x2  
  123  7:26  Hellion  
  124  7:33  Factory  
  114  7:46  Hellion, Viking  
  114  7:47  Siege Tank  
  114  7:50  SCV  
  116  7:53  Barracks Reactor  
  116  7:54  SCV  
  116  7:57  Missile Turret  
  115  7:59  SCV  
  115  8:00  Viking  
  118  8:06  Hellion x2  
  118  8:07  Hellion  
  118  8:08  Refinery x2, SCV  
  118  8:10  Command Center  
  118  8:11  Supply Depot, SCV  
  126  8:13  Supply Depot  
  126  8:25  SCV x2, Missile Turret  
  128  8:28  Missile Turret x2  
  128  8:30  Missile Turret x2  
  128  8:32  Missile Turret  
  128  8:33  Missile Turret  
  128  8:35  Viking x2  
  128  8:36  Siege Tank  
  128  8:41  Terran Vehicle Weapons Level 2, Missile Turret  
  135  8:42  SCV  
  135  8:43  SCV  
  135  8:46  SCV  
  138  8:54  Missile Turret  
  138  8:55  SCV  
  139  8:56  Missile Turret  
  139  8:59  Hellion  
  140  9:07  Hellion x2  
  140  9:08  Hellion  
  140  9:09  Siege Tank  
  134  9:20  Siege Tank, Hellion  
  126  9:28  Liberator  
  126  9:30  SCV  
  127  9:33  Liberator  
  127  9:35  Refinery, Missile Turret  
  127  9:36  Missile Turret  
  127  9:37  Missile Turret x2  
  127  9:41  Hellion x2  
  134  9:47  Factory  
  137  9:53  Siege Tank  
  137  9:58  Siege Tank  
  143  10:04  Missile Turret  
  143  10:08  Missile Turret  
  143  10:16  Missile Turret  
  143  10:17  Missile Turret  
  143  10:18  Missile Turret  
  143  10:21  Hellion x2  
  147  10:24  Liberator x2  
  147  10:26  Hellion  
  141  10:33  Siege Tank, Hellion x2  
  141  10:34  Hellion  
  134  10:49  Planetary Fortress  
  134  10:52  Hellion x2  
  134  10:53  Hellion  
  134  10:55  Siege Tank  
  134  10:56  Factory Tech Lab  
  143  10:59  SCV  
  143  11:00  SCV  
  143  11:01  SCV, Missile Turret  
  146  11:07  Siege Tank  
  146  11:08  Hellion  
  152  11:11  SCV  
  152  11:12  Refinery  
  152  11:13  Hellion  
  152  11:14  Refinery  
  152  11:18  Siege Tank, Hellion  
  156  11:27  Siege Tank  
  156  11:30  Hellion  
  156  11:32  Hellion  
  145  11:33  SCV x3  
  145  11:39  Siege Tank  
  149  11:40  Hellion  
  151  11:50  Siege Tank  
  146  11:55  Hellion x2  
  146  11:59  Siege Tank  
  154  12:07  Hellion, SCV x4  
  160  12:11  Missile Turret  
Tags
 
Add a new tag
Caveats
  • Supply blocks, unpowered buildings, or Contaminate may cause inaccurate times.
  • Supply counts are checked every 10 seconds.